 Dungeon Crawl Stone Soup version 0.31-a0-4-gefa6de2278 (webtiles) character file.

Game seed: 12345458944609239112

395 BlasphemerAmon the Chopper (level 6, -14/56 HPs)
             Began as a Hill Orc Monk on May 3, 2023.
             Was a Believer of Beogh.
             Demolished by Edmund
             ... wielding a +1 heavy dire flail
              (16 damage)
             ... on level 5 of the Dungeon.
             The game lasted 00:04:34 (3757 turns).

BlasphemerAmon the Chopper (Hill Orc Monk)          Turns: 3757, Time: 00:04:35

Health: -14/56     AC:  9    Str: 16    XL:     6   Next: 82%
Magic:  6/6        EV:  8    Int: 10    God:    Beogh [**....]
Gold:   255        SH:  0    Dex: 13    Spells: 5/5 levels left

rFire   . . .        a - +0 hand axe
rCold   . . .        d - orb {light}
rNeg    . . .        j - +0 chain mail
rPois   .            (no helmet)
rElec   .            (no cloak)
rCorr   .            (no gloves)
SInv    .            (no boots)
Will    .....        (no amulet) Stlth
                     r - ring of flight
HPRegen 0.29/turn    (no ring)
MPRegen 0.10/turn

%: no passive effects
@: flying, glowing
A: no striking features
a: Renounce Religion, Smiting


You were on level 5 of the Dungeon.
You worshipped Beogh.
Beogh was pleased with you.
You visited 1 branch of the dungeon, and saw 5 of its levels.

You collected 255 gold pieces.

Inventory:

Hand Weapons
 a - a +0 hand axe (weapon)
Missiles
 c - a throwing net (quivered)
Armour
 b - a +0 robe
 d - an orb of light (worn)
 g - a +0 ring mail
 j - a +0 chain mail (worn)
Jewellery
 h - a ring of protection from fire
 r - a ring of flight (left hand)
Scrolls
 f - 3 scrolls of teleportation {unknown}
 i - a scroll of magic mapping {unknown}
 l - a scroll of poison
 m - 2 scrolls of amnesia {unknown}
 n - a scroll of fog {unknown}
 p - 2 scrolls of enchant armour {unknown}
 q - 2 scrolls of identify
 s - a scroll of enchant weapon {unknown}
 u - a scroll of vulnerability {unknown}
Potions
 e - a potion of haste {unknown}
 k - a potion of might
 o - a potion of attraction
 t - 2 potions of resistance


   Skills:
 + Level 5.4 Fighting
 * Level 7.4 Axes
 + Level 3.3 Armour
 - Level 2.4 Dodging


You had 5 spell levels left.
You didn't know any spells.
Your spell library was empty.

Dungeon Overview and Level Annotations

Branches:
Dungeon (5/15)
 Temple: D:4-7

Altars:
Makhleb
Trog

Annotations:
D:3 3 runed translucent doors, thug444's ghost, amateur DjFE
D:5 Edmund


Message History

Edmund is moderately wounded.
You barely miss Edmund.
Edmund is moderately wounded.
Edmund hits you with a +1 heavy dire flail!
You hit Edmund but do no damage.
Edmund is moderately wounded.
Edmund hits you with a +1 heavy dire flail!
You are too injured to fight recklessly!
You see here a +0 robe.
Found a book of Callings.
Found 10 gold pieces and a metallic blue potion.
Okay, then.
Edmund says, "People will remember me!
They'll remember me and die!"
Edmund says, "People will remember me!
They'll remember me and die!"
Edmund hits you but does no damage.
You hit Edmund.
Edmund is lightly wounded.
Edmund barely misses you.
You hit Edmund but do no damage.
Edmund is lightly wounded.
You hit Edmund.
Edmund is moderately wounded.
Edmund hits you with a +1 heavy dire flail!
You hit Edmund but do no damage.
Edmund is lightly wounded.
The air fills with toxic fumes!
As you read the scroll labelled URHEOSOLUO, it crumbles to dust.
It was a scroll of poison.
Edmund says, "People think my brother is the best.
I think he's crazy."
Edmund says, "People accused me of being a cutpurse!"
Edmund is engulfed in poison gas.
Edmund is poisoned.
Edmund is engulfed in poison gas.
Edmund looks even sicker.
Edmund hits you with a +1 heavy dire flail.
You barely miss Edmund.
Edmund is almost dead.
Edmund hits you with a +1 heavy dire flail!!
* * * LOW HITPOINT WARNING * * *
Edmund looks more healthy.
Edmund hits you with a +1 heavy dire flail!
You die...

#.##....## #...........
##.≈≈≈._$≈≈≈..
####....≈...≈....
.....≈.≈≈.≈≈.≈.!
######..≈....!..≈..
........≈≈≈≈.≈≈≈≈..
.####..[.@........$
........≈≈@≈.≈≈≈≈..
.####...≈.......≈..
#...≈.≈≈.≈≈.≈.#
#.####.....≈...≈..:#
...........(≈≈≈._.≈≈≈.#
#..########...........#
#.# ##'########.## #.#
##...## ... #.#
##.....## ..


You could see Edmund.

Vanquished Creatures
  A kobold brigand (D:4)
  3 hounds
  2 iguanas (D:4)
  Robin (D:4)
  3 gnolls (D:4)
  6 adders
  A shadow imp (D:3)
  3 dart slugs
  5 ball pythons
  7 endoplasms
  2 giant cockroaches
  17 goblins
  11 hobgoblins
  5 quokkas
  6 bats
  A frilled lizard (D:3)
  5 kobolds
  3 rats
82 creatures vanquished.

Vanquished Creatures (others)
  A dart slug (D:4)
  An orc (D:4)
2 creatures vanquished.

Grand Total: 84 creatures vanquished

Notes
Turn   | Place    | Note
-------+----------+-------------------------------------------
     0 | D:1      | BlasphemerAmon the Hill Orc Monk began the quest for the
                  | Orb.
     0 | D:1      | Reached XP level 1. HP: 19/19 MP: 1/1
   201 | D:1      | Reached XP level 2. HP: 27/27 MP: 2/2
   619 | D:1      | Reached skill level 1 in Armour
  1050 | D:2      | Reached XP level 3. HP: 29/33 MP: 3/3
  1078 | D:2      | Reached skill level 5 in Axes
  1266 | D:2      | Reached XP level 4. HP: 38/40 MP: 4/4
  1535 | D:3      | Noticed thug444's ghost (amateur DjFE)
  1732 | D:3      | Found a runed translucent gate.
  1732 | D:3      | Found a runed translucent gate.
  1732 | D:3      | Found a runed translucent gate.
  1769 | D:3      | Reached skill level 6 in Axes
  1769 | D:3      | Reached XP level 5. HP: 35/47 MP: 5/5
  2460 | D:4      | Became a worshipper of Beogh the Brigand
  2460 | D:4      | Reached * piety under Beogh
  2460 | D:4      | Reached ** piety under Beogh
  2578 | D:4      | Noticed a kobold brigand
  2603 | D:4      | Killed a kobold brigand
  2604 | D:4      | Reached skill level 5 in Fighting
  2604 | D:4      | Reached XP level 6. HP: 52/56 MP: 6/6
  2723 | D:4      | Reached skill level 7 in Axes
  2984 | D:4      | Noticed Robin
  3004 | D:4      | Killed Robin
  3608 | D:5      | Entered Level 5 of the Dungeon
  3678 | D:5      | Found a burning altar of Makhleb.
  3684 | D:5      | Found a bloodstained altar of Trog.
  3686 | D:5      | Noticed Edmund
  3755 | D:5      | HP: 2/56 [Edmund/+1 heavy dire flail (19)]
  3757 | D:5      | Demolished by Edmund

Illustrated notes

Levels and vault maps discovered:
D:1:      lightli_arrival_lavapool, layout_loops_corners
D:2:      layout_rooms
D:3:      layout_rooms, gammafunk_ghost_split, roderic_lattice_a,
          glass_columns_a, st_stairs_12
D:4:      layout_gridville, chequers_jeans, uniq_robin
D:5:      layout_loops_corners, mainiacjoe_overflow_large_starburst,
          minmay_temple_entry_large_hall, kennysheep_generic_room_11,
          uniq_edmund

Skill      XL: |  1  2  3  4  5  6 |
---------------+-------------------+-----
Armour         | 1 2 3 |  3.3
Fighting       | 4 5 |  5.4
Axes           | 5 6 7 |  7.4
Dodging        | |  2.4

Action                     |  1- 3 |  4- 6 || total
---------------------------+-------+-------++-------
  Melee: Hand axe          |    81 |   195 ||   276
 Invoke: Convert to Beogh  |       |     1 ||     1
    Use: Scroll            |       |     5 ||     5
         Potion            |       |     2 ||     2
 Armour: Robe              |     2 |       ||     2
         Chain mail        |    40 |   102 ||   142
         Ring mail         |     1 |       ||     1
  Dodge: Dodged            |    32 |    70 ||   102

Table legend: (Time is in decaauts)
 A = Elapsed time spent in this place.
 B = Non-inter-level travel time spent in this place.
 C = Inter-level travel time spent in this place.
 D = Time resting spent in this place.
 E = Time spent auto-exploring this place.
 F = Levels seen in this place.
 G = Mean time per level.
                   A        B        C        D        E       F      G
               +--------+--------+--------+--------+--------+-----+--------+
         Total |   3757 |   3610 |    147 |    564 |   2392 |   5 |  751.4 |
       Dungeon |   3757 |   3610 |    147 |    564 |   2392 |   5 |  751.4 |
               +--------+--------+--------+--------+--------+-----+--------+

Top non-repeatable levels by time:
     D:4: 1458 daAuts
     D:1: 990 daAuts
     D:3: 668 daAuts
     D:2: 493 daAuts
     D:5: 147 daAuts
